Orko, chaotic male orcish Wizard -----# ----- +....# |..>| |...|### #h-Bo@| | ---- ----- ----|--+-----...|# # # |...| |..........................."...| ### ### ----- | -+-----+--. - ----|---...| # # | |...|.... ##### |")[|...| # |)+/|*..| ## |))!|...| -----|...| |*%[.|...| |..).-...| |./[.|...| | --------------- -----------...| |...............................| --------------------------------- Orko the Thaumaturge Experience level: 6 Strength: 11 Dexterity: 9 Constitution: 18 Intelligence: 16 Wisdom: 9 Charisma: 11 Health: 0(43) Energy: 3(43) Def: 7 Gold: 434 Moves: 1560 Dungeon seed: 0jFGT-xm1dhSXlmb Game ID: Orko_1571115859 Your Inventory: Spellbooks R - an uncursed spellbook of dig Rings C - an uncursed ring of levitation D - an uncursed ring of polymorph Armor n - an uncursed +0 cloak of magic resistance (being worn) u - an uncursed +0 dwarvish mithril-coat (being worn) Weapons b - a blessed +1 quarterstaff (weapon in hands) x - 10 uncursed +0 darts (in quiver) T - 3 cursed +0 daggers Z - 4 uncursed +0 daggers Potions Q - an uncursed potion of sickness Scrolls A - an uncursed scroll of identify B - an uncursed scroll of enchant armor L - 2 uncursed scrolls of enchant weapon Comestibles M - an uncursed food ration N - 2 uncursed cream pies U - an uncursed tripe ration Tools e - a cursed brass lantern (lit) (0:1272) j - an uncursed lock pick m - an uncursed mirror p - an uncursed towel v - an uncursed tin whistle V - an uncursed frost horn (0:4) Gems q - an uncursed worthless piece of yellow glass r - an uncursed worthless piece of red glass y - 2 uncursed worthless pieces of yellowish brown glass z - 2 uncursed worthless pieces of black glass X - an uncursed worthless piece of white glass named <. 4> Y - an uncursed worthless piece of violet glass Coins $ - 434 gold pieces Spells and supernatural/magical abilities: Name Level Category Fail Memory a - force bolt 1 attack 47% 93% m - magic missile 2 attack 14% 93% W - pray for help -- divine ? -- Your skills at the end: Fighting Skills Weapon Skills quarterstaff [Basic] Spellcasting Skills attack spells [Basic] enchantment spells [Basic] Final Attributes: You were stridently aligned. You were poison resistant. You were magic-protected. You were hallucinating. You had infravision. You are dead. Vanquished creatures: a watchman a giant spider 2 gnome kings 2 gnome lords 2 gnomish wizards a kobold mummy 5 dwarves 3 hobbits 2 giant rats 24 gnomes 3 jackals 2 goblins a sewer rat 3 lichens 2 newts and a partridge in a pear tree 54 creatures vanquished. Voluntary challenges: You were an atheist. You used a wielded weapon 39 times, starting on turn 95. You read items or engraved 5 times, starting on turn 1404. You never genocided any monsters. You never polymorphed an object. You changed form 3 times, starting on turn 565. You used no wishes. You never split a pudding. You never wrote Elbereth's name. You violated your moral code, losing 30 points of alignment, starting on turn 2. You abstained from Elbereth's help. You werepermanently hallucinating. Dungeon overview: The Dungeons of Doom: levels 1 to 4 Level 1 an altar to Ptah, a fountain a long staircase Level 2 some fountains Level 3 a fountain Level 4 stairs to The Gnomish Mines The Gnomish Mines: levels 5 to 8 Level 5 stairs to The Dungeons of Doom Level 6 Level 7 Level 8 <- You were here some shops History has recorded: On T:1 you entered the Dungeons of Doom to retrieve the Amulet of Yendor! On T:269 you reached level 2 of The Dungeons of Doom. On T:332 you advanced to experience level 2. On T:523 you reached level 3 of The Dungeons of Doom. On T:765 you reached level 4 of The Dungeons of Doom. On T:817 you reached level 1 of The Gnomish Mines. On T:819 you advanced to experience level 3. On T:913 you advanced to experience level 4. On T:984 you advanced to experience level 5. On T:1077 you reached level 2 of The Gnomish Mines. On T:1335 you reached level 3 of The Gnomish Mines. On T:1360 you advanced to experience level 6. On T:1445 you reached level 4 of The Gnomish Mines. Score breakdown: Gold: 434 ( 8975 points) Experience: 6 levels (12456 points) Exploration: 8 levels ( 16.33%) (11456 points) Discoveries: 6 items ( 2.16%) ( 4407 points) Valuables value: (no points given unless you survive) Artifact value: 0 ( 0 points) Variety of kills: 15 monsters ( 3.94%) ( 5952 points) Turncount: 1560 turns ( 0 points) Survival: died (score multiplied by 80%) Total score: 34596 Latest messages: (2x) Your lamp is now on. You feel foolish! The door closes. You see a door open. You stop picking the lock. Never mind. The Dalek just misses! The black dragon wields a silver saber! The samurai rabbit misses. The succubus throws a spear! You are hit! The balrog grunts. The magic missile hits it. (2x) The fire giant hits! The boomer hits! The long worm hits! You die... Final status: Goodbye Orko the Wizard, killed by a hallucinogen-distorted watch captain... You died in The Gnomish Mines on dungeon level 8 with 34596 points, and 434 pieces of gold, after 1560 moves. You were level 6 with a maximum of 43 hit points when you died.